 Dungeon Crawl Stone Soup version 0.14-a0-1739-g6c2808e (webtiles) character file.

242 Mitsuki the Changer (level 5, -1/37 HPs)
             Began as a Merfolk Transmuter on Jan 3, 2014.
             Slain by an orc priest
             ... wielding a -1,+1 orcish hand axe
              (6 damage)
             ... on Level 3 of the Dungeon.
             The game lasted 00:15:44 (3075 turns).

Mitsuki the Changer (Merfolk Transmuter)            Turns: 3075, Time: 00:15:44

HP  -1/37        AC  2     Str 10      XL: 5   Next:  1%
MP   1/9         EV 13     Int 13      God:
Gold 126         SH  0     Dex 15      Spells:  3 memorised,  2 levels left

rFire  . . .     SeeInvis .       - Unarmed
rCold  . . .     Clarity  .     c - +0 robe
rNeg   . . .     Conserve .     (no shield)
rPois  .         rCorr    .     (no helmet)
rElec  .         rRot     .     (no cloak)
SustAb . .       Spirit   .     (no gloves)
rMut   .         Warding  .     (no boots)
Saprov . . .     Stasis   .     (no amulet)
                                (no ring)
                                (no ring)

@: slightly resistant to hostile enchantments, unstealthy
A: change form in water, swift swim
a: no special abilities


You were on level 3 of the Dungeon.
You were not hungry.

You visited 1 branch of the dungeon, and saw 3 of its levels.

You collected 126 gold pieces.

Inventory:

Missiles
 b - 21 arrows
 i - 16 arrows of flame
 j - 16 arrows of frost
Armour
 c - a +0 robe (worn)
Magical devices
 h - a wand of random effects (10)
Comestibles
 a - a slice of pizza
 q - 2 rotting chunks of giant gecko flesh
Scrolls
 l - 2 scrolls of remove curse {unknown}
 n - a scroll of blinking
 o - a scroll of curse weapon {unknown}
Jewellery
 e - an uncursed amulet of warding {unknown}
Potions
 g - a potion of agility {unknown}
 m - 2 potions of curing
 p - 2 potions of heal wounds {unknown}
Books
 d - a book of Changes

   Spells                             Type                      Level
   *Beastly Appendage                 Transmutation                1
   *Sticks to Snakes                  Transmutation                2
   *Spider Form                       Transmutation/Poison         3
   Ice Form                           Ice/Transmutation            4
   Blade Hands                        Transmutation                5


   Skills:
 - Level 1.1 Fighting
 - Level 2.6 Dodging
 + Level 3.7 Unarmed Combat
 - Level 2.0 Spellcasting
 + Level 6.2 Transmutations


You had 2 spell levels left.
You knew the following spells:

 Your Spells              Type           Power        Failure   Level  Hunger
a - Beastly Appendage     Trmt           ###...       1%          1    ##.....
b - Spider Form           Trmt/Pois      #.........   21%         3    ####...
c - Sticks to Snakes      Trmt           ###.......   3%          2    ###....


Dungeon Overview and Level Annotations

Branches:
Dungeon (3/16)

Altars:
Okawaru


Message History

Something barely misses your ball python.
Your ball python completely misses the orc priest.
Your ball python grabs the orc priest.
Your ball python constricts the orc priest.
You punch the orc priest!
The orc priest is almost dead.
The orc priest hits you with an orcish hand axe.
* * * LOW HITPOINT WARNING * * *
Your ball python bites the orc priest but does no damage.
Your ball python constricts the orc priest.
Something bites your ball python.
Your ball python dies!
You hit the orc priest.
The orc priest is almost dead.
The orc priest hits you with an orcish hand axe.
* * * LOW HITPOINT WARNING * * *
You hit the orc priest.
The orc priest is almost dead.
The orc priest hits you with an orcish hand axe.
You die...

#.##.....# #o..########
#.##.....# #...########
#.######.# ###...........
#.######.#####
#.......######
.........#....##......(#
#.########.....#.).....#
#......#
#.....###%.###....
#..###.# #....###).###.##
#......#
#.....@o........#
##.##..# +.....##..###.#.
#.# .# #......#..# ##.#
### #......#..###.#
...#... ###...........#
####[#.#.####....#..#####
.................#..#
##.###.#.####...(#..#
...# #....#..#


You could see an orc priest.

Vanquished Creatures
  2 adders (D:2)
  4 worms
  5 giant geckos
  3 orcs (D:3)
  7 bats
  4 giant cockroaches
  5 hobgoblins
  2 jackals (D:2)
  2 ball pythons
  8 giant newts
  5 goblins
  10 kobolds
  A quokka (D:2)
  7 rats
65 creatures vanquished.

Vanquished Creatures (collateral kills)
  2 giant geckos (D:3)
  An orc (D:3)
3 creatures vanquished.

Grand Total: 68 creatures vanquished

Notes
Turn   | Place    | Note
--------------------------------------------------------------
     0 | D:1      | Mitsuki, the Merfolk Transmuter, began the quest for the Orb.
     0 | D:1      | Reached XP level 1. HP: 15/15 MP: 3/3
   484 | D:1      | Reached XP level 2. HP: 18/21 MP: 2/4
   726 | D:1      | Reached skill level 4 in Transmutations
  1176 | D:2      | Reached XP level 3. HP: 26/26 MP: 6/6
  1181 | D:2      | Learned a level 3 spell: Spider Form
  1184 | D:2      | Learned a level 2 spell: Sticks to Snakes
  1248 | D:2      | Reached skill level 5 in Transmutations
  1528 | D:2      | Reached XP level 4. HP: 27/32 MP: 2/7
  2250 | D:3      | Reached skill level 6 in Transmutations
  2465 | D:3      | Found an iron altar of Okawaru.
  3070 | D:3      | Reached XP level 5. HP: 15/37 MP: 1/9
  3075 | D:3      | Slain by an orc priest

Action                   |  1- 3 |  4- 6 || total
-------------------------+-------+-------++-------
Melee: Unarmed           |   111 |   139 ||   250
 Cast: Beastly Appendage |    15 |       ||    15
       Spider Form       |     5 |    11 ||    16
       Sticks to Snakes  |       |     5 ||     5
 Abil: End Transformatio |       |     2 ||     2
Evoke: Wand              |       |     1 ||     1
  Use: Scroll            |     5 |     2 ||     7
       Potion            |       |     1 ||     1
 Stab: Sleeping          |     2 |     1 ||     3
